 Dungeon Crawl Stone Soup version 0.30-a0-40-gc6d0f036a7 (webtiles) character file.

Game seed: 10253967872881184843

672 Newt the Twirler (level 7, -2/54 HPs)
             Began as a Demonspawn Gladiator on Aug 29, 2022.
             Was a Believer of Yredelemnul.
             Killed by divine providence
             ... invoked by an orc priest
              (9 damage)
             ... on level 5 of the Dungeon.
             The game lasted 00:05:24 (4857 turns).

Newt the Twirler (Demonspawn Gladiator)             Turns: 4857, Time: 00:05:25

Health: -2/54      AC:  8    Str: 17    XL:     7   Next: 32%
Magic:  0/7        EV: 12    Int: 11    God:    Yredelemnul [**....]
Gold:   218        SH:  4    Dex: 14    Spells: 6/6 levels left

rFire   . . .      SeeInvis .    i - +3 short sword of the Volcano {flame, rElec}
rCold   . . .      Faith    .    (no shield)
rNeg    . . .      Spirit   +    u - +1 leather armour of Genuly {Slay+4}
rPois   .          Reflect  .    c - +0 helmet
rElec   +          Harm     .    s - +0 cloak
rCorr   .          Rampage  .    t - +0 pair of gloves
Will    .....                    (no boots)
Stlth   ++........               (no amulet)
HPRegen 0.18/turn                (no ring)
MPRegen 0.20/turn                (no ring)

@: studying Staves
A: hooves 2, magic shield, magic regeneration, big brain 1, condensation shield
a: Renounce Religion, Recall Undead Harvest, Dark Bargain


You were on level 5 of the Dungeon.
You worshipped Yredelemnul.
Yredelemnul was noncommittal.
You visited 1 branch of the dungeon, and saw 5 of its levels.

You collected 218 gold pieces.

Inventory:

Hand Weapons
 a - a +0 rapier
 i - the +3 short sword of the Volcano (weapon) {flame, rElec}
   (You found it on level 4 of the Dungeon)

   It burns those it strikes, dealing additional fire damage.
   rElec:     It insulates you from electricity.
Missiles
 d - 2 throwing nets (quivered)
 e - a javelin
 n - 2 silver boomerangs
 p - 5 boomerangs
 r - 17 poisoned darts
Armour
 b - a +0 leather armour
 c - a +0 helmet (worn)
 g - a +0 scale mail
 l - the +3 ring mail of the Land of Plenty {*Slow +Blink rF++}
   (You found it on level 2 of the Dungeon)

   rF:        It greatly protects you from fire.
   +Blink:    It lets you blink.
   *Slow:     It may slow you when you take damage.
 s - a +0 cloak (worn)
 t - a +0 pair of gloves (worn)
 u - the +1 leather armour of Genuly (worn) {Slay+4}
   (You found it on level 4 of the Dungeon)

   Slay:      It affects your accuracy & damage with ranged weapons and melee
   (+4).
Wands
 m - a wand of mindburst (11)
Scrolls
 f - 2 scrolls of poison
 k - 3 scrolls of noise
 w - a scroll of enchant armour {unknown}
 x - a scroll of identify
 y - a scroll of blinking {unknown}
 A - a scroll of fear
Potions
 h - 2 potions of flight
 j - 3 potions of curing {unknown}
 o - 2 potions of attraction {unknown}
 q - 3 potions of invisibility
 v - a potion of lignification
 z - a potion of degeneration {unknown}


   Skills:
 - Level 4.0 Fighting
 - Level 2.6 Short Blades
 - Level 6.0 Staves
 - Level 1.7 Throwing
 + Level 4.3 Armour
 - Level 2.6 Dodging
 - Level 2.0 Stealth


You had 6 spell levels left.
You didn't know any spells.
Your spell library contained the following spells:

 Spells                   Type           Power      Damage    Failure   Level
 Poisonous Vapours        Pois/Air       0%         N/A       54%         2
 Corpse Rot               Necr/Pois/Air  0%         N/A       99%         4


Dungeon Overview and Level Annotations

Branches:
Dungeon (5/15)             Temple (0/1) D:4

Altars:
Okawaru
Qazlal
Vehumet
Yredelemnul


Innate Abilities, Weirdness & Mutations

You have hoof-like feet.
When hurt, damage is shared between your health and your magic reserves.
You regenerate magic rapidly.
You have an unusually large brain. (Int +2)
A meltable shield of frost defends you. (SH +4)


Message History

The orc priest calls down the wrath of Beogh upon you.
Beogh smites you!
Your spectral shadow imp hits the orc priest.
Your orc priest zombie hits the orc priest but does no damage.
Your water moccasin zombie barely misses you.
Your water moccasin zombie barely misses itself.
The orc wizard hits your water moccasin zombie with a +0 dagger.
The orc priest hits you with a +0 club.
* * * LOW HITPOINT WARNING * * *
The orc priest barely misses you.
Your orc zombie hits the orc priest but does no damage.
Your spectral shadow imp hits the orc priest.
The orc priest dies!
The orc wizard points at your water moccasin zombie and mumbles some strange words.
The magic dart hits your water moccasin zombie!
The orc priest looks encouraged for a moment.
Your water moccasin zombie bites your orc priest zombie!
Your water moccasin zombie bites itself.
Unknown command.
Your orc priest zombie hits the orc priest but does no damage.
The orc wizard hits your water moccasin zombie with a +0 dagger.
The orc priest calls down the wrath of Beogh upon you.
Beogh smites you!
* * * LOW HITPOINT WARNING * * *
Your spectral shadow imp closely misses the orc wizard.
Unknown command.
Are you sure you want to stumble around while confused and next to your orc zombie?
Okay, then.
Your water moccasin zombie barely misses the orc wizard.
The orc wizard hits your water moccasin zombie with a +0 dagger.
The orc priest barely misses you.
Your orc priest zombie hits the orc priest but does no damage.
Your spectral shadow imp hits the orc wizard but does no damage.
You feel less confused.
Your water moccasin zombie closely misses the orc priest.
The orc wizard hits your water moccasin zombie with a +0 dagger.
The orc priest calls down the wrath of Beogh upon you.
Beogh smites you!
You die...
Your body rises from the dead as a mindless zombie.

#.........(ZZ..#.#.#
#........#######.#.#
#........# ..#.#
#........# # ###.#
#........# .# #..
#........##..##
#..............
#....ZZ#.♣.♣.#.
#...ZZ@ZZ.....
#....oo♣.♣.♣.♣
######...._....
#.♣.♣.♣.♣.
#......... .
#.#.♣.♣.#. .. #..
.... ## ### ..


You could see an orc priest (ally target), an orc wizard (distracted, ally
target), a friendly spectral shadow imp, a friendly water moccasin zombie
(confused), 2 friendly orc zombies and 2 friendly orc priest zombies.

Vanquished Creatures
  A water moccasin (D:5)
  An ogre (D:5)
  A scorpion (D:4)
  A jelly (D:5)
  2 hounds (D:5)
  3 orc priests
  Jessica (D:2)
  2 orc wizards (D:5)
  3 gnolls (D:4)
  2 adders
  A shadow imp (D:5)
  An orc zombie (D:5)
  2 worms (D:2)
  3 dart slugs
  11 orcs
  3 bats
  5 endoplasms
  A giant cockroach (D:4)
  3 goblins
  6 hobgoblins
  3 jackals (D:3)
  2 quokkas (D:2)
  5 ball pythons
  5 frilled lizards
  6 kobolds
  8 rats
82 creatures vanquished.

Vanquished Creatures (collateral kills)
  An orc priest (D:5)
1 creature vanquished.

Vanquished Creatures (others)
  A ball python zombie (D:4)
1 creature vanquished.

Grand Total: 84 creatures vanquished

Notes
Turn   | Place    | Note
-------+----------+-------------------------------------------
     0 | D:1      | Newt the Demonspawn Gladiator began the quest for the Orb.
     0 | D:1      | Reached XP level 1. HP: 16/16 MP: 1/1
   137 | D:1      | Reached skill level 1 in Stealth
   788 | D:2      | Gained mutation: You regenerate magic rapidly. [demonic
                  | ancestry]
   788 | D:2      | Reached XP level 2. HP: 21/22 MP: 2/2
   873 | D:2      | Identified the +3 ring mail of the Land of Plenty {*Slow
                  | +Blink rF++}
  1302 | D:2      | Gained mutation: A meltable shield of frost defends you.
                  | (SH +4) [demonic ancestry]
  1302 | D:2      | Reached XP level 3. HP: 27/28 MP: 3/3
  1669 | D:2      | Noticed Jessica
  1686 | D:2      | Killed Jessica
  1687 | D:2      | Gained mutation: You have an unusually large brain. (Int
                  | +2) [demonic ancestry]
  1687 | D:2      | Reached XP level 4. HP: 15/37 MP: 4/4
  2279 | D:3      | Identified a scroll of acquirement
  2279 | D:3      | Acquired a manual of Staves
  2431 | D:4      | HP: 1/55 [endoplasm (2)]
  2783 | D:4      | Identified the +3 short sword of the Volcano {flame, rElec}
  2806 | D:3      | Reached skill level 2 in Staves
  3356 | D:4      | Reached skill level 3 in Staves
  3356 | D:4      | Gained mutation: You have large cloven feet. [demonic
                  | ancestry]
  3356 | D:4      | Reached XP level 5. HP: 38/42 MP: 5/5
  3407 | D:4      | Found a basalt altar of Yredelemnul.
  3420 | D:4      | Identified the +1 leather armour of Genuly {Slay+4}
  3439 | D:4      | Found a radiant altar of Vehumet.
  3457 | D:4      | Reached skill level 4 in Staves
  3459 | D:4      | Became a worshipper of Yredelemnul the Dark
  3727 | D:4      | Reached skill level 5 in Staves
  4106 | D:4      | Found a staircase to the Ecumenical Temple.
  4144 | D:5      | Entered Level 5 of the Dungeon
  4184 | D:5      | Gained mutation: When hurt, damage is shared between your
                  | health and your magic reserves. [demonic ancestry]
  4184 | D:5      | Reached XP level 6. HP: 23/48 MP: 6/6
  4383 | D:5      | Reached skill level 6 in Staves
  4441 | D:5      | Found a stormy altar of Qazlal.
  4595 | D:5      | Reached skill level 1 in Armour
  4596 | D:5      | Reached * piety under Yredelemnul
  4660 | D:5      | Gained mutation: You have hoof-like feet. [demonic
                  | ancestry]
  4660 | D:5      | Reached XP level 7. HP: 46/54 MP: 5/7
  4761 | D:5      | Reached ** piety under Yredelemnul
  4842 | D:5      | Found an iron altar of Okawaru.
  4857 | D:5      | Killed from afar by an orc priest

Illustrated notes

Levels and vault maps discovered:
D:1:      lightli_arrival_farm, layout_rooms, solitary_fountain
D:2:      minmay_recursive_quarters, layout_basic, uniq_jessica
D:3:      layout_basic, zin_academy, minmay_liquid_box
D:4:      layout_rooms, chequers_temple_overflow_statue_of_worship,
          minmay_temple_entry_fiery
D:5:      layout_basic, okawaru_trees_1, mainiacjoe_overflow_surrounded_room

Skill      XL: |  1  2  3  4  5  6  7 |
---------------+----------------------+-----
Stealth        | 1 2 |  2.0
Fighting       | 3 4 |  4.0
Staves         | 3 5 6 |  6.0
Armour         | 3 4 |  4.3
Short Blades   | |  2.6
Throwing       | |  1.7
Dodging        | |  2.6

Action                   |  1- 3 |  4- 6 |  7- 9 || total
-------------------------+-------+-------+-------++-------
Melee: Rapier            |   106 |    36 |       ||   142
       Punch             |     1 |     3 |       ||     4
       Short sword       |       |   137 |    10 ||   147
       Kick              |       |    18 |     4 ||    22
Throw: Throwing net      |       |     2 |       ||     2
       Javelin           |       |     1 |       ||     1
  Use: Scroll            |       |     7 |       ||     7
       Potion            |       |     2 |       ||     2
 Stab: Sleeping          |     1 |       |       ||     1
Armor: Scale mail        |    16 |       |       ||    16
       Leather armour    |     6 |    11 |     4 ||    21
       Ring mail         |    19 |    34 |       ||    53
       Skin              |       |    13 |       ||    13
Dodge: Dodged            |    61 |    66 |     9 ||   136
Block: Other             |     7 |    25 |     1 ||    33

Table legend: (Time is in decaauts)
 A = Elapsed time spent in this place.
 B = Non-inter-level travel time spent in this place.
 C = Inter-level travel time spent in this place.
 D = Time resting spent in this place.
 E = Time spent auto-exploring this place.
 F = Levels seen in this place.
 G = Mean time per level.
                   A        B        C        D        E       F      G
               +--------+--------+--------+--------+--------+-----+--------+
         Total |   4889 |   4780 |    109 |    945 |   3105 |   5 |  977.8 |
       Dungeon |   4889 |   4780 |    109 |    945 |   3105 |   5 |  977.8 |
               +--------+--------+--------+--------+--------+-----+--------+

Top non-repeatable levels by time:
     D:2: 1459 daAuts
     D:4: 1165 daAuts
     D:1: 788 daAuts
     D:3: 763 daAuts
     D:5: 711 daAuts
